 Dungeon Crawl Stone Soup version 0.16-a0-3585-g2f5ff90 (webtiles) character file.

233 Pikaro the Insei (level 6, 0/38 HPs)
             Began as an Octopode Transmuter on Jan 11, 2015.
             Slain by an ogre
             ... wielding a +0 giant club
              (10 damage)
             ... on level 4 of the Dungeon.
             The game lasted 00:10:00 (7199 turns).

Pikaro the Insei (Octopode Transmuter)              Turns: 7199, Time: 00:10:00

Health: 0/38       AC:  2    Str: 10    XL:     6   Next: 5%
Magic:  4/10       EV: 20    Int: 15    God:
Gold:   133        SH:  0    Dex: 19    Spells: 3 memorised, 3 levels left

rFire  . . .     SeeInvis .       - Unarmed
rCold  . . .     Clarity  .     (shield currently unavailable)
rNeg   . . .     SustAb   .     (helmet currently unavailable)
rPois  x         Gourm    .     (no amulet)
rElec  .         Spirit   .     (no ring)
rCorr  .         Warding  .     (no ring)
rMut   .         Stasis   .     (no ring)
MR     .....                    (no ring)
Stlth  ++........               (no ring)
                                (no ring)
                                (no ring)
                                (no ring)

@: spider-form (expiring), very slightly contaminated, not resistant to hostile
enchantments, unstealthy
A: almost no armour, amphibious, 8 rings, (constrict 8), (camouflage 0),
(gelatinous body 0)
a: End Transformation


You were on level 4 of the Dungeon.
You were not hungry.
You were a venomous arachnid creature.
You visited 1 branch of the dungeon, and saw 4 of its levels.

You collected 133 gold pieces.

Inventory:

Missiles
 b - 64 arrows
Magical devices
 i - a wand of frost (31)
   (You found it on level 3 of the Dungeon)
Scrolls
 f - a scroll of recharging {unknown}
 g - 4 scrolls of remove curse
 h - a scroll of fog {unknown}
 j - a scroll of random uselessness {unknown}
 k - a scroll of teleportation {unknown}
 o - a scroll of enchant armour {unknown}
 r - a scroll of immolation {unknown}
Potions
 e - a potion of haste
 l - a potion of magic
 n - 2 potions of lignification {unknown}
 q - a potion of ambrosia {unknown}
Books
 c - a book of Transfigurations
   (You found it on level 2 of the Dungeon)
 d - a book of Changes
Miscellaneous
 m - a plain deck of defence
   (You found it on level 3 of the Dungeon)
Comestibles
 a - a bread ration


   Skills:
 - Level 1.0 Fighting
 - Level 2.0 Dodging
 + Level 6.5 Unarmed Combat
 - Level 2.0 Spellcasting
 - Level 2.0 Transmutations


You had 3 spell levels left.
You knew the following spells:

 Your Spells              Type           Power        Failure   Level  Hunger
a - Beastly Appendage     Trmt           #.....       28%         1    #......
c - Spider Form           Trmt/Pois      #.........   65%         3    ###....
s - Sticks to Snakes      Trmt           #.........   32%         2    ###....


Dungeon Overview and Level Annotations

Branches:
Dungeon (4/15)             Temple (0/1) D:4

Altars:
Gozag
Nemelex Xobeh
Yredelemnul


Innate Abilities, Weirdness & Mutations

You cannot wear most types of armour.
You are amphibious.
You can wear up to eight rings at the same time.
((You can use your tentacles to constrict many enemies at once.))
((Your skin changes colour to match your surroundings (Stealth).))
((Your rubbery body absorbs attacks (AC +1).))


Message History

Found an opulent altar of Gozag.
You see here a stone.
You see here a stone.
Things that are here:
a stone; a trident
Found a basalt altar of Yredelemnul.
There is an open door here.
You pick your way through the web.
There is a web here.
There is an open door here.
You see here a stone.
All of the chunks of flesh in your inventory have rotted away.
A giant newt comes into view.
The giant newt barely misses you.
You barely miss the giant newt. You grab the giant newt.
You constrict the giant newt.
You tentacle-slap the giant newt but do no damage.
You squeeze the giant newt.
You kill the giant newt!
No target in view!
You see here a giant newt corpse.
You butcher the giant newt corpse.
p - a chunk of flesh
There is a stone staircase leading up here.
An adder comes into view.
The adder moves out of view.
Eating a chunk of flesh.
You continue eating. x2
There is an open door here.
A rat comes into view.
The rat misses you.
You tentacle-slap the rat.
You kill the rat!
No target in view!
You see here a rat corpse.
You butcher the rat corpse.
p - a chunk of flesh You see here a rat skeleton.
A giant cockroach comes into view.
You closely miss the giant cockroach. Your grab misses the giant cockroach.
The giant cockroach misses you.
You tentacle-slap the giant cockroach.
You kill the giant cockroach!
No target in view!
There is a sparkling altar of Nemelex Xobeh here.
You see here a rat skeleton.
Things that are here:
a vampiric hand axe {!w}; a ring mail; a dagger
Items here: ( ))))) [[[
Things that are here:
a short sword of flaming; a glowing leather armour You closely miss the adder.
Your grab misses the adder. The adder completely misses you.
You bludgeon the adder!
You kill the adder!
No target in view!
You see here an adder corpse.
You butcher the adder corpse.
p - 2 chunks of flesh (gained 1)
You see here an adder skeleton.
There is an open door, spattered with blood here.
You see here a trident.
There is an open door here.
Some of the chunks of flesh in your inventory have rotted away.
Done exploring.
(D) Dungeon
Where to? (Enter - D:3, ? - help) Eating a chunk of flesh.
You continue eating. x2
There is a stone staircase leading down here.
You climb downwards.
Found a staircase to the Ecumenical Temple.
There is a stone staircase leading up here.
An ogre comes into view. It is wielding a giant club.
Spoiler Alert: The ogre (sleeping) can hit for high damage in melee!
Spoiler Alert: The ogre (sleeping) can hit for high damage in melee!
The ogre shouts!
There is a staircase to the Ecumenical Temple here.
Spoiler Alert: The ogre can hit for high damage in melee!
There is a stone staircase leading up here.
You miscast Spider Form.
You are very lightly contaminated with residual magic.
Your skin glows momentarily.
The ogre hits you with a giant club!!
Ouch! That really hurt!
* * * LOW HITPOINT WARNING * * *
You take 28 damage, and have 10/38 hp.
MASSIVE DAMAGE!!
You now have 7/10 mp.
Spoiler Alert: The ogre can hit for high damage in melee!
Okay, then.
Unknown command.
You turn into a venomous arachnid creature.
You now have 4/10 mp.
You bite the ogre!
The ogre is poisoned.
The ogre completely misses you.
You bite the ogre! The ogre misses you.
Spoiler Alert: The ogre can hit for high damage in melee!
You hit the ogre.
The ogre looks even sicker.
Your transformation is almost over.
You hit the ogre. The ogre hits you with a giant club!
You die...

#.# #.# #.#
##+###.#
##...##.#
##.....#.##
##.........
#.........#
+.......Os+
#.........#
##.......##
####.....##
#.....<.##
#.....+##
#.§>§..#
#......#
#........#


You could see an ogre.

Vanquished Creatures
  Crazy Yiuf (D:2)
  An orc wizard (D:3)
  The ghost of Yermak the Vexing, a weakling FeEn (D:3)
  5 adders
  3 giant mites
  A worm (D:2)
  4 giant geckos
  6 orcs (D:3)
  2 ball pythons
  13 bats
  A bat skeleton (D:3)
  4 giant cockroaches
  8 goblins
  11 hobgoblins
  4 jackals (D:2)
  A giant newt (D:3)
  9 kobolds
  3 quokkas
  14 rats
  A spectral orc (D:3)
  2 fungi (D:2)
95 creatures vanquished.

Notes
Turn   | Place    | Note
--------------------------------------------------------------
     0 | D:1      | Pikaro, the Octopode Transmuter, began the quest for the Orb.
     0 | D:1      | Reached XP level 1. HP: 13/13 MP: 3/3
   436 | D:1      | Reached XP level 2. HP: 18/18 MP: 4/4
   447 | D:1      | Learned a level 2 spell: Sticks to Snakes
   780 | D:1      | HP: 4/18 [giant gecko (2)]
   781 | D:1      | HP: 1/18 [giant gecko (3)]
   846 | D:2      | HP: 3/18 [rat (2)]
  1308 | D:1      | Reached skill level 4 in Unarmed Combat
  1453 | D:1      | Reached XP level 3. HP: 23/23 MP: 6/6
  3004 | D:2      | Reached XP level 4. HP: 9/28 MP: 7/7
  3005 | D:2      | HP: 7/28 [kobold (1)]
  3010 | D:2      | HP: 6/28 [poisoned by an adder]
  3018 | D:2      | HP: 4/28 [poisoned by an adder]
  3433 | D:2      | Reached skill level 5 in Unarmed Combat
  4376 | D:2      | Noticed Crazy Yiuf
  4382 | D:2      | Learned a level 3 spell: Spider Form
  4389 | D:2      | Killed Crazy Yiuf
  4389 | D:2      | Reached XP level 5. HP: 33/33 MP: 5/9
  4966 | D:3      | Found an opulent altar of Gozag.
  4983 | D:3      | Found a sparkling altar of Nemelex Xobeh.
  5170 | D:3      | Found a basalt altar of Yredelemnul.
  5223 | D:3      | Noticed Yermak's ghost (weakling FeEn)
  5240 | D:3      | Killed Yermak's ghost
  5407 | D:3      | Reached skill level 6 in Unarmed Combat
  6321 | D:3      | Reached XP level 6. HP: 34/38 MP: 10/10
  6575 | D:3      | Found a sparkling altar of Nemelex Xobeh.
  6576 | D:3      | Found an opulent altar of Gozag.
  6596 | D:3      | Found a basalt altar of Yredelemnul.
  7183 | D:4      | Found a staircase to the Ecumenical Temple.
  7199 | D:4      | Slain by an ogre

Action                   |  1- 3 |  4- 6 || total
-------------------------+-------+-------++-------
Melee: Unarmed           |    84 |   161 ||   245
 Cast: Beastly Appendage |     1 |     4 ||     5
       Spider Form       |       |     2 ||     2
  Use: Scroll            |       |     4 ||     4
       Potion            |       |     1 ||     1
 Stab: Sleeping          |     1 |     2 ||     3
  Eat: Chunk             |     6 |    14 ||    20

Vault maps used:
D:1:      minmay_arrival_nine_rooms
D:2:      uniq_crazy_yiuf_cottage
D:3:      yredelemnul_forgotten_temple_becter, grunt_gozag_breadcrumbs,
          minmay_stone_trees_medium, nemelex_deck
D:4:      overflow_temple_1_default, minmay_temple_entry_purple_smoke

Table legend:
 A = Turns spent in this place as a percentage of turns spent in the entire game.
 B = Non-inter-level travel turns spent in this place as a percentage of non-inter-level travel turns spent in the entire game.
 C = Inter-level travel turns spent in this place as a percentage of turns spent in this place.
 D = Turns resting spent in this place as a percentage of non-inter-level travel turns spent in this place.
 E = Turns spent auto-exploring this place as a percentage of non-inter-level travel turns spent in this place.
 F = Non-inter-level travel turns spent in this place divided by the number of levels of this place that you've seen.
                   A       B       C       D       E      F
               +-------+-------+-------+-------+-------+----------------------
         Total | 100.0 | 100.0 |   0.3 |  10.6 |  10.3 | 263.5
       Dungeon | 100.0 | 100.0 |   0.3 |  10.6 |  10.3 | 263.5
               +-------+-------+-------+-------+-------+----------------------

Table legend:
 A = Kills in this place as a percentage of kills in entire the game.
 B = Kills by you in this place as a percentage of kills by you in the entire game.
 C = Kills by friends in this place as a percentage of kills by friends in the entire game.
 D = Other kills in this place as a percentage of other kills in the entire game.
 E = Experience gained in this place as a percentage of experience gained in the entire game.
 F = Experience gained in this place divided by the number of levels of this place that you have seen.
                   A       B       C       D       E      F
               +-------+-------+-------+-------+-------+----------------------
         Total | 100.0 | 100.0 |  -nan |  -nan | 100.0 |  83.5
       Dungeon | 100.0 | 100.0 |  -nan |  -nan | 100.0 |  83.5
               +-------+-------+-------+-------+-------+----------------------
